 Dungeon Crawl Stone Soup version 0.28-a0-476-g0f06bd746f (webtiles) character file.

Game seed: 13714540275264274762

48 Squid the Cudgeller (level 3, -1/33 HPs)
             Began as a Minotaur Berserker on Sept 16, 2021.
             Was a Believer of Trog.
             Slain by an adder (4 damage)
             ... on level 2 of the Dungeon.
             The game lasted 00:02:54 (1628 turns).

Squid the Cudgeller (Minotaur Berserker)            Turns: 1628, Time: 00:02:54

Health: -1/33      AC:  2    Str: 22    XL:     3   Next: 50%
Magic:  2/2        EV: 12    Int:  4    God:    Trog [**....]
Gold:   28         SH:  0    Dex:  9    Spells: 2/2 levels left

rFire   . . .      SeeInvis .   a - +0 mace
rCold   . . .      Faith    .   (no shield)
rNeg    . . .      Spirit   .   b - +0 animal skin
rPois   .          Reflect  .   (helmet restricted)
rElec   .          Harm     .   (no cloak)
rCorr   .          Rampage  .   (no gloves)
Will    .....                   (no boots)
Stlth   +.........              (no amulet)
HPRegen 0.11/turn               (no ring)
MPRegen 0.08/turn               (no ring)

@: on berserk cooldown, slowed, very slow
A: horns 2, retaliatory headbutt
a: Renounce Religion, Berserk, Trog's Hand


You were on level 2 of the Dungeon.
You worshipped Trog.
Trog was pleased with you.
You visited 1 branch of the dungeon, and saw 2 of its levels.

You collected 28 gold pieces.

Inventory:

Hand Weapons
 a - a +0 mace (weapon)
Missiles
 e - 21 stones (quivered)
Armour
 b - a +0 animal skin (worn)
 f - a +0 ring mail
Scrolls
 d - a scroll of identify
Potions
 c - a potion of curing


   Skills:
 + Level 4.0 Fighting
 + Level 4.8 Maces & Flails
 + Level 2.5 Armour
 + Level 2.7 Dodging


You had 2 spell levels left.
You didn't know any spells.
Your spell library was empty.

Dungeon Overview and Level Annotations

Branches:
Dungeon (2/15)

Altars:


Innate Abilities, Weirdness & Mutations

You have a pair of horns on your head.
You reflexively headbutt those who attack you in melee.


Message History

You see here a stone.
You sock the gnoll!
You kill the gnoll!
Trog accepts your kill. The gnoll closely misses you.
You are no longer berserk.
You are exhausted.
You feel yourself slow down.
You see here a +0 club.
An adder comes into view.
The adder hisses angrily.
A bat comes into view.
The gnoll barely misses you.
The bat moves out of view.
A rat comes into view.
The gnoll barely misses you.
The rat moves out of view. 2 gnolls come into view.
The gnoll shouts! x2
The adder bites you but does no damage. The adder bites you.
You sock the gnoll! Your headbutt misses the gnoll.
The gnoll is severely wounded.
The bat hits you. The bat hits you but does no damage. The adder bites you.
You are poisoned.
The adder poisons you! The gnoll closely misses you. The adder misses you.
You furiously retaliate!
You headbutt the adder. The gnoll hits you with a +0 flail!
Okay, then.
Okay, then.
You hit the adder but do no damage. You headbutt the adder!
The adder is almost dead.
You feel sick. The bat hits you but does no damage.
The adder barely misses you. The bat hits you but does no damage.
The adder barely misses you. The gnoll hits you with a +0 flail!
* * * LOW HITPOINT WARNING * * *
The gnoll closely misses you.
You barely miss the adder.
The adder is almost dead.
You feel sick.
You are no longer poisoned.
The bat barely misses you. x2; The adder bites you.
You die...

....... .......
....... .......
....... .......
.#######b......
.....g.@Sr#
.....g#g### .....
#.# .... #.# ... #.#
.. #)#
.#.####+######(#####
.......†.........(.#
##..###.######.....#


You could see 3 gnolls, an adder, a bat and a rat.

Vanquished Creatures
  A gnoll (D:2)
  A worm (D:2)
  3 ball pythons
  5 endoplasms
  3 goblins (D:1)
  2 hobgoblins
  2 quokkas (D:1)
  5 bats
  A frilled lizard (D:2)
  7 kobolds
  4 rats (D:1)
34 creatures vanquished.

Notes
Turn   | Place    | Note
-------+----------+-------------------------------------------
     0 | D:1      | Squid the Minotaur Berserker began the quest for the Orb.
     0 | D:1      | Reached XP level 1. HP: 19/19 MP: 0/0
   259 | D:1      | Reached XP level 2. HP: 26/27 MP: 1/1
   865 | D:1      | Reached ** piety under Trog
  1133 | D:2      | Reached XP level 3. HP: 31/33 MP: 2/2
  1628 | D:2      | Slain by an adder

Illustrated notes

Levels and vault maps discovered:
D:1:      dpeg_arrival_radiant, layout_basic, minmay_misc_feat_square,
          minmay_misc_feat_diagonals, minmay_misc_feat_pillars, st_stairs_7
D:2:      layout_basic, minmay_split_cup_large, uniq_terence

Skill      XL: |  1  2 |
---------------+-------+-----
Maces & Flails | 4 |  4.8
Fighting       | 4 |  4.0
Armour         | |  2.5
Dodging        | |  2.7

Action                   || total
-------------------------++-------
Melee: Mace              ||    70
       Headbutt          ||     8
Throw: Stone             ||     7
Invok: Berserk           ||     1
  Use: Scroll            ||     2
       Potion            ||     1
Armor: Animal skin       ||    21
Dodge: Dodged            ||    65

Table legend: (Time is in decaauts)
 A = Elapsed time spent in this place.
 B = Non-inter-level travel time spent in this place.
 C = Inter-level travel time spent in this place.
 D = Time resting spent in this place.
 E = Time spent auto-exploring this place.
 F = Levels seen in this place.
 G = Mean time per level.
                   A        B        C        D        E       F      G
               +--------+--------+--------+--------+--------+-----+--------+
         Total |   1643 |   1619 |     24 |      0 |   1350 |   2 |  821.5 |
       Dungeon |   1643 |   1619 |     24 |      0 |   1350 |   2 |  821.5 |
               +--------+--------+--------+--------+--------+-----+--------+

Top non-repeatable levels by time:
     D:1: 1064 daAuts
     D:2: 578 daAuts
